 Dungeon Sprint DCSS version 0.19.0-11-g3fc08b3 (webtiles) character file.

2475 equalderp2856 the Ripper (level 9, -6/45 HPs)
             Began as a Felid Fighter on Nov 9, 2016.
             Mangled by a killer bee (7 damage)
             ... in the Dungeon (Sprint III: "The Ten Rune Challenge").
             The game lasted 00:08:14 (1372 turns).

equalderp2856 the Ripper (Felid Fighter)            Turns: 1372, Time: 00:08:14

Health: -6/45      AC:  2    Str: 15    XL:     9   Next: 27%
Magic:  10/10      EV: 28    Int: 10    God:
Gold:   174        SH:  0    Dex: 16    Spells: 0 memorised, 8 levels left
                                        Lives:  0   Deaths: 2

rFire  . . .     SeeInvis +       - Unarmed
rCold  . . .     Gourm    .     (armour unavailable)
rNeg   . . .     Faith    .     (shield unavailable)
rPois  .         Spirit   .     (helmet unavailable)
rElec  .         Reflect  .     (cloak unavailable)
rCorr  .         Harm     .     (gloves unavailable)
MR     +....     NoTele   +     (boots unavailable)
Stlth  ++++++....               (no amulet)
                                (no ring)
                                (no ring)

@: lethally poisoned (-6 -> -8), quick
A: no armour, no weapons or thrown items, stealth, claws 1, fangs 3, see
invisible, carnivore 3, speed 1, shaggy fur 2, slow metabolism 1, sharp paws
a: no special abilities


You were in the Dungeon.
You were not hungry.

You visited 1 branch You collected 174 gold pieces.

Inventory:

Scrolls
 h - a scroll of blinking
 i - 2 scrolls of enchant weapon {unknown}
 k - 2 scrolls of immolation {unknown}
 l - 4 scrolls of identify
 m - a scroll of remove curse {unknown}
 p - a scroll of torment {unknown}
Potions
 a - a potion of might
 c - 2 potions of curing
 e - a potion of haste
 f - 2 potions of magic
 g - 2 potions of berserk rage
 j - 2 potions of mutation {unknown}
 n - 3 potions of cure mutation
 o - 4 potions of flight
Comestibles
 b - 2 meat rations
 q - 2 royal jellies


   Skills:
 + Level 8.7 Fighting
 + Level 12.7 Dodging
 + Level 15.1 Stealth
 + Level 18.3 Unarmed Combat


You had 8 spell levels left.
You didn't know any spells.

Dungeon Overview and Level Annotations

Branches:
Dungeon (1/1)

Altars:
Cheibriados
Dithmenos
Elyvilon
Fedhas
Gozag
Hepliaklqana
Kikubaaqudgha
Makhleb
Nemelex Xobeh
Okawaru
Qazlal
Ru
Sif Muna
Trog
Uskayaw
Vehumet
Xom
Yredelemnul
Zin
The Shining One
Beogh
Jiyva
Lugonu

Shops:
D }


Innate Abilities, Weirdness & Mutations

You cannot wear armour.
You are incapable of wielding weapons or throwing items.
Your paws allow you to move quietly. (Stealth)
You have sharp claws.
You have razor-sharp teeth.
You have supernaturally acute eyesight. (SInv)
You are carnivorous and can eat meat at any time.
You cover ground quickly.
You are covered in thick fur. (AC +2)
You have a slow metabolism.
Your sharp claws are effective at attacking unaware monsters.


Message History

The killer bee misses you. The killer bee completely misses you.
There is an open door to the Hive, spattered with blood here.
You see here a killer bee corpse.
You mangle the killer bee!!
You kill the killer bee!
* * * LOW HITPOINT WARNING * * *
You feel sick. The killer bee completely misses you.
The killer bee closely misses you. The killer bee completely misses you.
You closely miss the killer bee. The killer bee completely misses you.
You claw the killer bee! Your bite misses the killer bee.
The killer bee is heavily wounded.
The killer bee completely misses you.
You miss the killer bee.
The killer bee is heavily wounded.
* * * LOW HITPOINT WARNING * * *
You feel sick.
The killer bee completely misses you. x2
You closely miss the killer bee. The killer bee completely misses you.
The killer bee stings you!
You die...

#.########### ###
.....3'.#...# ee.+
..).†##.....##≈≈≈≈#
..).###)#...≈≈≈.e..
)...∩##.#...##≈≈≈≈#
.#.##.#.'...# ...'
.##.#.####### ###
########################
#)#)#)....#....^@yyyyyy#
)#.##.###.#.....y#yyyy≈#
.#.##.#).##...(..#yyyy≈≈≈
..#..##.)'.^...(^#y%yy≈≈≈
▓▓▓▓▓▓▓▓▓#.^.....#yy%%.%%
#....(..#y.%%%%%
+.......#%%%%%%%
#.......########
##+######


You could see 16 killer bees.

Vanquished Creatures
  Erolcha (D)
  6 deep elf magi (D)
  An orc sorcerer (D)
  A queen bee (D)
  2 redbacks (D)
  A shadow (D)
  2 hill giants (D)
  A spatial vortex (D)
  A necrophage (D)
  3 two-headed ogres (D)
  A water elemental (D)
  11 killer bees (D)
  A jelly (D)
  2 orc wizards (D)
  Crazy Yiuf (D)
  Jessica (D)
  A wizard (D)
  A necromancer (D)
  3 humans (D)
  A kobold demonologist (D)
  15 orcs (D)
  3 rats (D)
60 creatures vanquished.

Vanquished Creatures (others)
  2 draconian scorchers (D)
  6 hellions (D)
  A yaktaur (D)
  2 plants (D)
11 creatures vanquished.

Grand Total: 71 creatures vanquished

Notes
Turn   | Place    | Note
-------+----------+-------------------------------------------
     0 | D        | equalderp2856 the Felid Fighter began the quest for the Orb.
     0 | D        | Reached XP level 1. HP: 10/10 MP: 2/2
    43 | D        | Noticed Jessica
    48 | D        | Killed Jessica
    48 | D        | Reached skill level 5 in Dodging
    48 | D        | Reached skill level 1 in Stealth
    48 | D        | Reached skill level 6 in Unarmed Combat
    48 | D        | Reached XP level 2. HP: 12/15 MP: 3/3
    57 | D        | Killed a yaktaur
    73 | D        | Reached XP level 3. HP: 13/18 MP: 4/4
    87 | D        | Killed a hellion
   110 | D        | Killed a hellion
   139 | D        | Noticed Crazy Yiuf
   144 | D        | Killed Crazy Yiuf
   144 | D        | Reached skill level 7 in Unarmed Combat
   144 | D        | Reached XP level 4. HP: 21/22 MP: 5/5
   152 | D        | Killed a hellion
   153 | D        | Killed a hellion
   155 | D        | Killed a hellion
   155 | D        | Killed a hellion
   169 | D        | Noticed a water elemental
   178 | D        | Killed a water elemental
   178 | D        | Reached skill level 5 in Fighting
   178 | D        | Reached skill level 8 in Unarmed Combat
   193 | D        | Killed a white draconian scorcher
   262 | D        | Found a glowing silver altar of Zin.
   262 | D        | Found a glowing golden altar of the Shining One.
   262 | D        | Found a white marble altar of Elyvilon.
   263 | D        | Noticed a deep elf mage
   271 | D        | Killed a deep elf mage
   271 | D        | Reached skill level 12 in Unarmed Combat
   271 | D        | Reached XP level 5. HP: 20/28 MP: 6/6
   271 | D        | Gained mutation: You are covered in thick fur. (AC +2) [Felid growth]
   271 | D        | Reached XP level 6. HP: 23/33 MP: 7/7
   271 | D        | Reached XP level 7. HP: 25/36 MP: 8/8
   288 | D        | Killed a white draconian scorcher
   364 | D        | Found a radiant altar of Vehumet.
   364 | D        | Found a deep blue altar of Sif Muna.
   364 | D        | Found an ancient bone altar of Kikubaaqudgha.
   382 | D        | Found a hide-covered altar of Uskayaw.
   382 | D        | Found a roughly hewn altar of Beogh.
   382 | D        | Found an iron altar of Okawaru.
   382 | D        | Found a bloodstained altar of Trog.
   382 | D        | Noticed a human
   383 | D        | Noticed a human
   389 | D        | Killed a human
   394 | D        | Killed a human
   394 | D        | Reached skill level 13 in Unarmed Combat
   457 | D        | Found a basalt altar of Yredelemnul.
   457 | D        | Found a shadowy altar of Dithmenos.
   457 | D        | Found a sacrificial altar of Ru.
   465 | D        | Reached XP level 8. HP: 36/39 MP: 9/9
   500 | D        | Reached skill level 10 in Dodging
   512 | D        | Found a blossoming altar of Fedhas.
   512 | D        | Found a stormy altar of Qazlal.
   512 | D        | Found a snail-covered altar of Cheibriados.
   512 | D        | Found a burning altar of Makhleb.
   512 | D        | Found a shimmering altar of Xom.
   513 | D        | Found a hazy altar of Hepliaklqana.
   513 | D        | Found an opulent altar of Gozag.
   513 | D        | Found a sparkling altar of Nemelex Xobeh.
   513 | D        | Found a corrupted altar of Lugonu.
   513 | D        | Found a viscous altar of Jiyva.
   520 | D        | Reached skill level 14 in Unarmed Combat
   579 | D        | Reached skill level 10 in Stealth
   584 | D        | Noticed Erolcha
   587 | D        | Killed Erolcha
   587 | D        | Reached skill level 15 in Unarmed Combat
   587 | D        | Reached XP level 9. HP: 44/44 MP: 10/10
   625 | D        | Noticed an orc sorcerer
   647 | D        | Killed an orc sorcerer
   647 | D        | Reached skill level 16 in Unarmed Combat
   679 | D        | Found Douxopuota's Gadget Shop.
   739 | D        | Noticed a deep elf mage
   739 | D        | Noticed a deep elf mage
   739 | D        | Noticed a deep elf mage
   739 | D        | Noticed a deep elf mage
   739 | D        | Noticed a deep elf mage
   763 | D        | Killed a deep elf mage
   771 | D        | Killed a deep elf mage
   782 | D        | Killed a deep elf mage
   782 | D        | Reached skill level 17 in Unarmed Combat
   782 | D        | Reached XP level 10. HP: 13/49 MP: 11/11
   788 | D        | Killed from afar by a deep elf mage
   789 | D        | Reached XP level 9. HP: -2/45 MP: 10/10
   791 | D        | Killed a deep elf mage
   796 | D        | Killed a deep elf mage
   800 | D        | Noticed a deep elf demonologist
   804 | D        | Noticed a hellwing
   808 | D        | Noticed a deep elf annihilator
   813 | D        | Noticed a cacodemon
   829 | D        | Noticed a deep elf demonologist
   830 | D        | Noticed a deep elf mage
   834 | D        | Noticed an ice devil
   834 | D        | Noticed a smoke demon
   843 | D        | Noticed a deep elf high priest
   844 | D        | HP: 2/45 [smoke demon[a deep elf demonologist] (2)]
  1261 | D        | Noticed a soul eater
  1262 | D        | Noticed a deep elf death mage
  1286 | D        | Killed from afar by a soul eater
  1287 | D        | Reached XP level 8. HP: -8/41 MP: 9/9
  1319 | D        | Noticed a queen bee
  1324 | D        | Reached skill level 18 in Unarmed Combat
  1336 | D        | Reached XP level 9. HP: 42/45 MP: 10/10
  1350 | D        | Killed a queen bee
  1350 | D        | Reached skill level 15 in Stealth
  1350 | D        | HP: 2/45 [killer bee (15)]
  1355 | D        | HP: 2/45 [killer bee (7)]
  1367 | D        | HP: 2/45 [poisoned by a killer bee]
  1372 | D        | Mangled by a killer bee

Skill      XL: |  1  2  3  4  5  6  7  8  9 |
---------------+----------------------------+-----
Dodging        | 5 9 10 12 | 12.7
Stealth        | 1 6 8 12 15 | 15.1
Unarmed Combat | 6 7 12 13 18 17 | 18.3
Fighting       | 4 7 8 |  8.7

Action                   |  1- 3 |  4- 6 |  7- 9 | 10-12 || total
-------------------------+-------+-------+-------+-------++-------
Melee: Unarmed           |    22 |    13 |   185 |     1 ||   221
       Bite              |     2 |       |    21 |       ||    23
       Punch             |       |       |    12 |       ||    12
  Use: Potion            |       |       |     3 |       ||     3
 Stab: Sleeping          |     1 |     2 |    12 |       ||    15
       Distracted        |       |       |     1 |       ||     1
Armor: Skin              |       |       |     3 |       ||     3
Dodge: Dodged            |    14 |     8 |   201 |     2 ||   225
